 Dungeon Crawl Stone Soup version 0.23-a0-650-ga4d50d4 (webtiles) character file.

410 eightfingershuffle the Sneak (level 6, -6/38 HPs)
             Began as an Octopode Chaos Knight on Jan 2, 2019.
             Was a Believer of Elyvilon.
             Mangled by a raiju (8 damage)
             ... on level 1 of the Abyss on Jan 3, 2019.
             The game lasted 00:18:12 (4261 turns).

eightfingershuffle the Sneak (OpCK)                 Turns: 4261, Time: 00:18:13

Health: -6/38      AC:  6    Str: 11      XL:     6   Next: 89%
Magic:  0/7        EV: 15    Int: 13 (14) God:    Elyvilon [**....]
Gold:   198        SH:  0    Dex: 14      Spells: 5/5 levels left

rFire    + . .     SeeInvis .   a - +1 dagger (elec)
rCold    + . .     Gourm    .   (no shield)
rNeg     . . .     Faith    .   (helmet restricted)
rPois    .         Spirit   +   e - amulet of guardian spirit
rElec    .         Reflect  .   k - ring of protection from cold
rCorr    .         Harm     .   m - +1 ring of protection
MR       .....                  (no ring)
Stlth    ++++......             (no ring)
HPRegen  0.12/turn              (no ring)
MPRegen  0.10/turn              (no ring)
                                (no ring)
                                (no ring)

@: invisible
A: almost no armour, stealthy swim, amphibious, 8 rings, constrict 8, beak, thin
metallic scales 1, camouflage 1, fire resistance 1, frail 1, shaggy fur 2,
gelatinous body 1, subdued magic 1
a: Lesser Healing, Heal Other, Divine Protection, Renounce Religion


You were on level 1 of the Abyss.
You worshipped Elyvilon.
Elyvilon was pleased with you.
You were not hungry.

You visited 1 branch of the dungeon, and saw 4 of its levels.
You visited the Abyss 1 time.
You also visited: Ossuary.

You collected 198 gold pieces.

Inventory:

Hand Weapons
 a - a +1 dagger of electrocution (weapon)
 b - a +2 mace of venom
 p - a +0 spear of chaos
 r - a +0 dagger of freezing
Missiles
 c - 159 stones
 n - 2 javelins (quivered)
Jewellery
 e - an amulet of guardian spirit (around mantle)
 k - a ring of protection from cold (left tentacle)
 m - a +1 ring of protection (right tentacle)
Scrolls
 f - a scroll of amnesia
 j - a scroll of remove curse
 l - 2 scrolls of fog
Potions
 g - 3 potions of lignification
 i - 3 potions of curing
 o - a potion of brilliance
 q - 2 potions of resistance
Comestibles
 s - 5 rations


   Skills:
 - Level 4.2 Fighting
 - Level 2.0 Short Blades
 - Level 3.4 Polearms
 - Level 3.6 Dodging
 + Level 5.0 Stealth
 - Level 2.5 Invocations


You had 5 spell levels left.
You didn't know any spells.
Your spell library was empty.

Dungeon Overview and Level Annotations

Branches:
Dungeon (4/15)
 Temple: D:4-7

Altars:
Cheibriados
Elyvilon
Xom


Innate Abilities, Weirdness & Mutations

You cannot wear most types of armour.
You are very stealthy in the water. (Stealth+)
You are amphibious.
You can wear up to eight rings at the same time.
You can use your tentacles to constrict eight enemies at once.
Your skin changes colour to match your surroundings (Stealth+).
Your rubbery body absorbs attacks. (AC +1, EV +1)
You have a beak for a mouth.
You are partially covered in thin metallic scales. (AC +2)
Your flesh is heat resistant. (rF+)
You are frail. (-10% HP)
You are covered in thick fur. (AC +2)
Your spells are a little easier to cast, but a little less powerful.


Message History

You peck the starcursed mass, but do no damage.
The starcursed mass is heavily damaged.
The starcursed mass shudders and is absorbed by its neighbour.
The starcursed mass engulfs you!
You hit the starcursed mass but do no damage.
Lightning courses through the starcursed mass!
The starcursed mass is severely damaged.
The starcursed mass shudders and is absorbed by its neighbour.
You hit the starcursed mass but do no damage.
The starcursed mass is lightly damaged.
The starcursed mass misses you. The starcursed mass engulfs you!
* * * LOW HITPOINT WARNING * * *
You fade into invisibility!
A starcursed mass splits.
The starcursed mass engulfs you!
* * * LOW HITPOINT WARNING * * *
The raiju bites you.
* * * LOW HITPOINT WARNING * * *
The raiju shocks you!
You die...
Xom chortles!

. # . .
# # . .
.#.# .
#. ##. #
. ..#ยง
.#### #.
##..##
#hXX.##
#X@#....
# #
####..
..# #
h.. ...
..# # .
.#. ..
##.##..
.# ..


You could see 3 starcursed masses and a raiju.

Vanquished Creatures
  A scorpion (D:4)
  An iguana (D:4)
  A worker ant (D:4)
  12 mummies (Ossuary)
  6 adders
  2 oozes
  A worm (D:3)
  A dart slug (D:2)
  5 leopard geckos
  3 orcs
  3 ball pythons
  8 bats
  2 giant cockroaches
  8 goblins
  8 hobgoblins
  6 jackals
  2 quokkas
  3 frilled lizards
  5 gnoll skeletons (Ossuary)
  2 goblin skeletons (Ossuary)
  9 kobolds
  A kobold skeleton (Ossuary)
  A leopard gecko skeleton (D:4)
  9 rats
  11 rat skeletons (Ossuary)
111 creatures vanquished.

Vanquished Creatures (collateral kills)
  A kobold (D:2)
1 creature vanquished.

Grand Total: 112 creatures vanquished

Notes
Turn   | Place    | Note
-------+----------+-------------------------------------------
     0 | D:1      | eightfingershuffle the Octopode Chaos Knight began the
                  | quest for the Orb.
     0 | D:1      | Reached XP level 1. HP: 16/16 MP: 1/1
    95 | D:1      | Reached XP level 2. HP: 21/21 MP: 0/2
   447 | D:1      | XOM: divination: detect creatures
   565 | D:1      | Reached skill level 1 in Stealth
   565 | D:1      | Reached XP level 3. HP: 26/26 MP: 3/3
   640 | D:1      | XOM: harmless Necr miscast
   687 | D:1      | XOM: scenery: 2 doors open
   874 | D:1      | XOM: scenery: create altars
   960 | D:2      | XOM: stealth player
  1042 | D:2      | XOM is BORED!
  1042 | D:2      | XOM: summons 1 hostile demon
  1123 | D:2      | XOM: enchant monster (good)
  1162 | D:2      | Reached skill level 2 in Stealth
  1179 | D:2      | XOM: give mutations
  1179 | D:2      | Gained mutation: You are covered in fur. (AC +1) [Xom's
                  | grace]
  1179 | D:2      | Gained mutation: Your flesh is heat resistant. (rF+) [Xom's
                  | grace]
  1179 | D:2      | Gained mutation: You possess an exceptional clarity of
                  | mind. [Xom's grace]
  1179 | D:2      | Gained mutation: Your mind is acute. (Int +2) [Xom's grace]
  1489 | D:2      | XOM: scenery: create altars
  1515 | D:3      | Reached XP level 4. HP: 28/33 MP: 2/4
  1518 | D:3      | Reached skill level 3 in Stealth
  1733 | D:3      | XOM: smoke on damage
  1806 | D:3      | Reached skill level 4 in Stealth
  1857 | D:3      | XOM: give mutations
  1857 | D:3      | Gained mutation: You are partially covered in thin metallic
                  | scales. (AC +2) [Xom's grace]
  1857 | D:3      | Gained mutation: You are partially covered in molten
                  | scales. (AC +2) [Xom's grace]
  1908 | D:3      | Reached XP level 5. HP: 27/37 MP: 5/5
  1984 | D:3      | XOM: cloud trail
  2227 | D:3      | Found a white marble altar of Elyvilon.
  2233 | D:3      | Fell from the grace of Xom
  2233 | D:3      | Became a worshipper of Elyvilon the Healer
  2338 | D:4      | Reached skill level 1 in Short Blades
  2338 | D:4      | Reached skill level 5 in Stealth
  2338 | D:4      | Reached skill level 1 in Invocations
  2417 | D:4      | Reached XP level 6. HP: 43/43 MP: 6/6
  2472 | D:4      | Found a snail-covered altar of Cheibriados.
  2482 | D:4      | Reached * piety under Elyvilon
  2523 | D:4      | XOM: give mutation
  2523 | D:4      | Gained mutation: You are frail. (-10% HP) [Xom's mischief]
  2537 | D:4      | Found a sand-covered staircase.
  2545 | Ossuary  | Entered an ossuary
  3605 | Ossuary  | XOM: give mutations
  3605 | Ossuary  | Lost mutation: You are partially covered in molten scales.
                  | (AC +2) [Xom's mischief]
  3605 | Ossuary  | Gained mutation: Your pliable body absorbs attacks. (AC +2,
                  | EV +2) [Xom's mischief]
  3605 | Ossuary  | Lost mutation: Your mind is acute. (Int +2) [Xom's
                  | mischief]
  3605 | Ossuary  | Gained mutation: You have a beak for a mouth. [Xom's
                  | mischief]
  3785 | Ossuary  | XOM: severe Necr miscast
  3953 | D:4      | Cast into level 1 of the Abyss (Xom)
  3960 | Abyss:1  | Lost mutation: You possess an exceptional clarity of mind.
                  | [potion of mutation]
  3960 | Abyss:1  | Lost mutation: Your pliable body absorbs attacks. (AC +2,
                  | EV +2) [potion of mutation]
  3960 | Abyss:1  | Gained mutation: Your spells are a little easier to cast,
                  | but a little less powerful. [potion of mutation]
  3960 | Abyss:1  | Gained mutation: You are covered in thick fur. (AC +2)
                  | [potion of mutation]
  4044 | Abyss:1  | Noticed a worldbinder
  4047 | Abyss:1  | Noticed a vampire mosquito
  4047 | Abyss:1  | Noticed an insubstantial wisp
  4047 | Abyss:1  | Noticed a vampire mosquito
  4055 | Abyss:1  | Noticed a vampire mosquito
  4055 | Abyss:1  | Noticed a vampire mosquito
  4062 | Abyss:1  | Found a corrupted altar of Lugonu.
  4108 | Abyss:1  | Reached ** piety under Elyvilon
  4113 | Abyss:1  | Noticed a raiju
  4114 | Abyss:1  | Noticed a raiju
  4114 | Abyss:1  | Noticed a raiju
  4128 | Abyss:1  | Noticed a starcursed mass
  4248 | Abyss:1  | Noticed a starcursed mass
  4253 | Abyss:1  | Noticed a raiju
  4261 | Abyss:1  | Mangled by a raiju

Vault maps used:
D:1:      minmay_arrival_shattered_statue
D:3:      lemuel_round_altar, first_ration, minmay_misc_feat_columns
D:4:      minmay_overflow_temple_star_quad, cheibriados_altar_1,
          nicolae_ossuary_entry_false_entrances
Ossuary:  ossuary_due_small_catacomb

Skill      XL: |  1  2  3  4  5  6 |
---------------+-------------------+-----
Stealth        | 1 2 4 5 |  5.0
Fighting       | 4 |  4.2
Short Blades   | 1 2 |  2.0
Dodging        | 3 |  3.6
Invocations    | 1 2 |  2.5
Polearms       | |  3.4

Action                   |  1- 3 |  4- 6 || total
-------------------------+-------+-------++-------
Melee: Spear             |    63 |       ||    63
       Constrict         |    15 |    46 ||    61
       Tentacles         |     6 |    34 ||    40
       Dagger            |     9 |    98 ||   107
       Mace              |       |    68 ||    68
       Peck              |       |     7 ||     7
Throw: Stone             |     3 |    20 ||    23
       Javelin           |       |    15 ||    15
  Use: Scroll            |       |    10 ||    10
       Potion            |       |     7 ||     7
 Stab: Sleeping          |    13 |    14 ||    27
       Distracted        |     1 |     1 ||     2
       Paralysed         |     1 |       ||     1
  Eat: Chunk             |     2 |     3 ||     5
       Ration            |       |     2 ||     2
Armor: Skin              |     7 |    16 ||    23
Dodge: Dodged            |    28 |   102 ||   130

Table legend:
 A = Non-vault XP
 B = Vault XP
 C = Vault XP percentage of total XP
 D = Non-vault monster count
 E = Vault monster count
 F = Vault count percentage of total count
                 A         B        C        D         E       F
            +---------+---------+-------+---------+---------+-------
      Total |     358 |     228 |  38.9 |      81 |      31 |  27.7
            +---------+---------+-------+---------+---------+-------
        D:1 |      42 |       0 |   0.0 |      26 |       0 |   0.0
        D:2 |      37 |       0 |   0.0 |      14 |       0 |   0.0
        D:3 |     104 |       0 |   0.0 |      29 |       0 |   0.0
        D:4 |     175 |       0 |   0.0 |      12 |       0 |   0.0
    Ossuary |       0 |     228 | 100.0 |       0 |      31 | 100.0
            +---------+---------+-------+---------+---------+-------
